 Dungeon Sprint DCSS version bcrawl-1.17.3 (webtiles) character file.

Game seed: 8222559420307029803

3403 Freyura the Fighter (level 9, -1/82 HPs)
             Began as a Demonspawn Fighter on Oct 21, 2019.
             Was a High Priest of Makhleb.
             Slain by an eight-headed hydra (3 damage)
             ... in the Dungeon (Sprint IX: "|||||||||||||||||||||||||||||").
             The game lasted 00:06:08 (608 turns).

Freyura the Fighter (Demonspawn Fighter)             Turns: 608, Time: 00:06:08

Health: -1/82      AC: 16    Str: 23    XL:     9   Next: 75%
Magic:  15/15      EV: 16    Int: 10    God:    Makhleb [*****.]
Gold:   0          SH: 11    Dex: 15    Spells: 8/8 levels left

rFire    . . .     SeeInvis .   p - +2 morningstar (protect)
rCold    + . .     Gourm    .   c - +0 shield
rNeg     . . .     Faith    .   b - +0 scale mail
rPois    .         Spirit   .   (no helmet)
rElec    .         Reflect  .   q - +0 cloak
rCorr    .         Harm     .   (no gloves)
MR       .....     NoTele   +   (no boots)
Stlth    ++........             (no amulet)
HPRegen  0.23/turn              r - +3 ring of strength
MPRegen  0.14/turn              s - +3 ring of strength

@: protection aura
A: talons 1, repulsion field 2, cold resistance 1, nightstalker 2
a: Minor Destruction, Lesser Servant of Makhleb, Major Destruction, Greater
Servant of Makhleb, Renounce Religion


You were in the Dungeon.
You worshipped Makhleb.
Makhleb was extremely pleased with you.
You were not hungry.

You visited 1 branch

Inventory:

Hand Weapons
 a - a +0 flail
 o - the +2 scimitar of Caefeduelo {freeze, +Blink rElec MR- Stlth+}
   (You found it in the Dungeon)

   It has been specially enchanted to freeze those struck by it, causing extra
   injury to most foes and up to half again as much damage against particularly
   susceptible opponents.
   It can also slow down cold-blooded creatures.
   It insulates you from electricity.
   It affects your resistance to hostile enchantments.
   It lets you blink.
   It makes you more stealthy.
 p - a +2 morningstar of protection (weapon)
Armour
 b - a +0 scale mail (worn)
 c - a +0 shield (worn)
 q - a +0 cloak (worn)
Jewellery
 r - a +3 ring of strength (left hand)
 s - a +3 ring of strength (right hand)
Wands
 n - a wand of acid (10)
Scrolls
 k - 3 scrolls of blinking
 l - 7 scrolls of remove curse
 m - 2 scrolls of amnesia
 x - 2 scrolls of enchant armour
 y - 4 scrolls of enchant weapon
Potions
 d - a potion of invisibility
 e - 5 potions of curing
 g - a potion of heal wounds
 h - a potion of haste
 i - 4 potions of magic
 j - a potion of berserk rage
 t - 3 potions of brilliance
 u - a potion of mutation
 v - a potion of resistance
 w - a potion of might
Comestibles
 f - a ration {!d}


   Skills:
 * Level 11.9 Fighting
 * Level 10.9 Maces & Flails
 + Level 8.0 Armour
 + Level 7.5 Dodging
 + Level 8.0 Shields
 + Level 9.3 Invocations


You had 8 spell levels left.
You didn't know any spells.
Your spell library was empty.

Dungeon Overview and Level Annotations

Branches:
Dungeon (1/1)

Altars:
Cheibriados
Dithmenos
Elyvilon
Fedhas
Gozag
Hepliaklqana
Kikubaaqudgha
Lugonu
Makhleb
Nemelex Xobeh
Okawaru
Qazlal
Ru
Sif Muna
Trog
Uskayaw
Vehumet
Wu Jian
Xom
Yredelemnul
Zin
The Shining One
Beogh
Jiyva


Innate Abilities, Weirdness & Mutations

You have sharp toenails.
You are surrounded by a moderate repulsion field. (EV +3)
Your flesh is cold resistant. (rC+)
You are significantly more attuned to the shadows.


Message History

The eight-headed hydra bites you but does no damage.
The eight-headed hydra barely misses you.
Your shield and scale mail prevent you from hitting the eight-headed hydra.
You claw the eight-headed hydra.
The eight-headed hydra is heavily wounded.
You block the eight-headed hydra's attack.
The eight-headed hydra bites you.
* * * LOW HITPOINT WARNING * * *
You block the eight-headed hydra's attack.
The eight-headed hydra barely misses you.
The eight-headed hydra bites you.
* * * LOW HITPOINT WARNING * * *
The eight-headed hydra bites you but does no damage.
The eight-headed hydra bites you.
* * * LOW HITPOINT WARNING * * *
The eight-headed hydra closely misses you.
You hit the eight-headed hydra.
The eight-headed hydra is severely wounded.
The eight-headed hydra bites you.
You die...

▓_▓.▓.▓
▓_▓.▓.▓
▓_▓.▓.▓
▓_▓.▓.▓
▓_▓.▓†▓
▓_▓.▓.▓
▓_▓.▓r▓
▓_▓.▓D▓
▓_▓.▓@▓
▓'▓.▓.▓
▓.▓.▓(▓
▓.▓.▓(▓
▓.▓.▓.▓
▓.▓.▓.▓
▓.▓.▓.▓
▓'▓.▓.▓
▓.▓.▓.▓


You could see an eight-headed hydra and a porcupine.

Vanquished Creatures
  A two-headed ogre (D)
  An elephant (D)
  A cane toad (D)
  A komodo dragon (D)
  A kobold demonologist (D)
  A rime drake (D)
  A yaktaur (D)
  A hippogriff (D)
  A wyvern (D)
  A vampire mosquito (D)
  An orc warrior (D)
  A porcupine (D)
  An ice beast (D)
  A phantom (D)
  A wolf (D)
  A centaur (D)
  A bullfrog (D)
  An orc wizard (D)
  An adder (D)
  A bat zombie (D)
  A giant cockroach (D)
  A hobgoblin (D)
  3 bats (D)
  A giant cockroach zombie (D)
  2 jackal zombies (D)
  A quokka skeleton (D)
29 creatures vanquished.

Notes
Turn   | Place    | Note
-------+----------+-------------------------------------------
     0 | D        | Freyura the Demonspawn Fighter began the quest for the Orb.
     0 | D        | Reached XP level 1. HP: 18/18 MP: 1/1
    63 | D        | Noticed a phantom
    63 | D        | Noticed an ice beast
    71 | D        | Killed an ice beast
    71 | D        | Reached skill level 5 in Fighting
    71 | D        | Gained mutation: You have sharp toenails. [demonic
                  | ancestry]
    71 | D        | Reached XP level 2. HP: 27/27 MP: 2/2
    71 | D        | Gained mutation: You are slightly more attuned to the
                  | shadows. [demonic ancestry]
    71 | D        | Reached XP level 3. HP: 33/33 MP: 3/3
    71 | D        | Gained mutation: You are significantly more attuned to the
                  | shadows. [demonic ancestry]
    71 | D        | Reached XP level 4. HP: 39/39 MP: 4/4
    90 | D        | Killed a phantom
    90 | D        | Reached skill level 6 in Fighting
    90 | D        | Reached skill level 5 in Maces & Flails
    90 | D        | Reached XP level 5. HP: 34/47 MP: 5/5
   100 | D        | Found a roughly hewn altar of Beogh.
   100 | D        | Found a snail-covered altar of Cheibriados.
   100 | D        | Found a shadowy altar of Dithmenos.
   100 | D        | Found a white marble altar of Elyvilon.
   101 | D        | Found a blossoming altar of Fedhas.
   102 | D        | Found an opulent altar of Gozag.
   103 | D        | Found a hazy altar of Hepliaklqana.
   104 | D        | Found a viscous altar of Jiyva.
   105 | D        | Found an ancient bone altar of Kikubaaqudgha.
   106 | D        | Found a corrupted altar of Lugonu.
   107 | D        | Found a burning altar of Makhleb.
   108 | D        | Found a sparkling altar of Nemelex Xobeh.
   109 | D        | Found an iron altar of Okawaru.
   110 | D        | Found a stormy altar of Qazlal.
   111 | D        | Found a sacrificial altar of Ru.
   112 | D        | Found a shimmering blue altar of Sif Muna.
   113 | D        | Became a worshipper of Makhleb the Destroyer
   114 | D        | Found a bloodstained altar of Trog.
   115 | D        | Found a hide-covered altar of Uskayaw.
   116 | D        | Found a radiant altar of Vehumet.
   117 | D        | Found an ornate altar of the Wu Jian Council.
   118 | D        | Found a shimmering altar of Xom.
   119 | D        | Found a basalt altar of Yredelemnul.
   120 | D        | Found a glowing silver altar of Zin.
   121 | D        | Found a glowing golden altar of the Shining One.
   136 | D        | Got the +2 scimitar of Caefeduelo {freeze, +Blink rElec MR-
                  | Stlth+}
   157 | D        | Noticed a two-headed ogre
   157 | D        | Noticed a kobold demonologist
   157 | D        | Noticed a wyvern
   160 | D        | Killed a wyvern
   160 | D        | Reached skill level 7 in Fighting
   160 | D        | Reached skill level 5 in Armour
   160 | D        | Reached skill level 5 in Shields
   160 | D        | Gained mutation: You are surrounded by a mild repulsion
                  | field. (EV +2) [demonic ancestry]
   160 | D        | Reached XP level 6. HP: 31/55 MP: 5/8
   171 | D        | Killed a kobold demonologist
   171 | D        | Reached * piety under Makhleb
   171 | D        | Reached skill level 8 in Fighting
   171 | D        | Reached skill level 5 in Dodging
   171 | D        | Reached skill level 5 in Invocations
   171 | D        | Gained mutation: You are surrounded by a moderate repulsion
                  | field. (EV +3) [demonic ancestry]
   171 | D        | Reached XP level 7. HP: 45/63 MP: 6/10
   181 | D        | Killed a two-headed ogre
   181 | D        | Reached skill level 9 in Fighting
   181 | D        | Reached XP level 8. HP: 30/72 MP: 7/13
   186 | D        | Reached ** piety under Makhleb
   352 | D        | Noticed a hippogriff
   352 | D        | Noticed a yaktaur
   355 | D        | Reached skill level 10 in Fighting
   361 | D        | Killed a yaktaur
   368 | D        | Killed a hippogriff
   368 | D        | Reached *** piety under Makhleb
   370 | D        | Gained mutation: Your flesh is cold resistant. (rC+)
                  | [demonic ancestry]
   370 | D        | Reached XP level 9. HP: 52/79 MP: 14/14
   561 | D        | Noticed a cane toad
   561 | D        | Noticed a rime drake
   561 | D        | Noticed a komodo dragon
   568 | D        | Killed a komodo dragon
   568 | D        | Reached skill level 11 in Fighting
   568 | D        | Reached skill level 10 in Maces & Flails
   574 | D        | Killed a rime drake
   574 | D        | Reached **** piety under Makhleb
   575 | D        | Noticed an elephant
   579 | D        | Killed a cane toad
   589 | D        | Noticed an eight-headed hydra
   602 | D        | Killed an elephant
   602 | D        | Reached ***** piety under Makhleb
   607 | D        | HP: 2/82 [eight-headed hydra (5)]
   608 | D        | Slain by an eight-headed hydra

Skill      XL: |  1  2  3  4  5  6  7  8  9 |
---------------+----------------------------+-----
Maces & Flails | 4 5 6 7 8 9 10 | 10.9
Armour         | 4 5 6 7 8 |  8.0
Fighting       | 5 6 7 8 9 10 11 | 11.9
Dodging        | 2 3 4 5 6 7 |  7.5
Shields        | 3 4 5 6 7 8 |  8.0
Invocations    | 3 5 6 7 9 |  9.3

Action                   |  1- 3 |  4- 6 |  7- 9 || total
-------------------------+-------+-------+-------++-------
Melee: Flail             |    29 |    14 |       ||    43
       Kick              |       |     9 |    34 ||    43
       Morningstar       |       |    12 |    79 ||    91
  Use: Potion            |     2 |       |     1 ||     3
Armor: Scale mail        |    17 |    11 |    30 ||    58
Dodge: Dodged            |    14 |    25 |    40 ||    79
Block: Shield            |    24 |    26 |    49 ||    99
